 Dungeon Crawl Stone Soup version 0.28-a0-1493-g08698888e4 (webtiles) character file.

Game seed: 11466186471829315216

51 ytrimaz the Sneak (level 3, -3/26 HPs)
             Began as a Gnoll Wanderer on Jan 12, 2022.
             Slain by Terence (6 damage)
             ... on level 2 of the Dungeon.
             The game lasted 00:01:43 (927 turns).

ytrimaz the Sneak (Gnoll Wanderer)                   Turns: 927, Time: 00:01:43

Health: -3/26      AC:  5    Str: 12    XL:     3   Next: 83%
Magic:  9/9        EV: 11    Int:  7    God:
Gold:   30         SH:  0    Dex: 16    Spells: 12/12 levels left

rFire   . . .      SeeInvis .   a - +3 dagger
rCold   . . .      Faith    .   (no shield)
rNeg    . . .      Spirit   .   e - +0 leather armour
rPois   .          Reflect  .   (no helmet)
rElec   .          Harm     .   (no cloak)
rCorr   .          Rampage  .   (no gloves)
Will    .....                   (no boots)
Stlth   ++++......              (no amulet)
HPRegen 0.08/turn               (no ring)
MPRegen 0.11/turn               (no ring)

@: invisible
A: fangs 1, strong nose, distributed training, iridescent scales 1, sense
surroundings 1
a: no special abilities


You were on level 2 of the Dungeon.
You visited 1 branch of the dungeon, and saw 2 of its levels.

You collected 30 gold pieces.

Inventory:

Hand Weapons
 a - a +3 dagger (weapon)
 c - a +0 short sword
Armour
 e - a +0 leather armour (worn)
Potions
 d - a potion of berserk rage {unknown}
 f - a potion of curing {unknown}
 g - a potion of flight {unknown}


   Skills:
 + Level 1.0 Fighting
 + Level 4.6 Short Blades
 + Level 1.0 Long Blades
 + Level 1.0 Axes
 + Level 1.0 Maces & Flails
 + Level 1.0 Polearms
 + Level 1.0 Staves
 + Level 1.0 Slings
 + Level 1.0 Bows
 + Level 1.0 Crossbows
 + Level 1.0 Throwing
 + Level 1.0 Armour
 + Level 1.0 Dodging
 + Level 7.8 Stealth
 + Level 1.0 Shields
 + Level 1.0 Unarmed Combat
 + Level 5.0 Spellcasting
 + Level 0.7 Conjurations
 + Level 0.7 Hexes
 + Level 0.7 Summonings
 + Level 0.7 Necromancy
 + Level 0.7 Translocations
 + Level 0.7 Transmutations
 + Level 0.7 Fire Magic
 + Level 0.7 Ice Magic
 + Level 0.7 Air Magic
 + Level 0.7 Earth Magic
 + Level 0.7 Poison Magic
 + Level 1.0 Invocations
 + Level 4.6 Evocations


You had 12 spell levels left.
You didn't know any spells.
Your spell library was empty.

Dungeon Overview and Level Annotations

Branches:
Dungeon (2/15)

Altars:

Shops:
D:2 ?

Annotations:
D:2 Terence


Innate Abilities, Weirdness & Mutations

You have very sharp teeth.
Your uncanny sense of smell can sniff out nearby items.
Your experience applies equally to all skills.
You are partially covered in iridescent scales. (AC +2)
You passively map a small area around you.


Message History

Terence is lightly wounded.
Terence hits you but does no damage.
You barely miss Terence.
Terence is lightly wounded.
You completely miss Terence.
Terence is lightly wounded.
Terence hits you but does no damage.
You closely miss Terence.
Terence is lightly wounded.
Terence hits you with a +0 hand axe!
You are too injured to fight recklessly!
You are too injured to fight recklessly!
You are too injured to fight recklessly!
You are too injured to fight recklessly!
You are too injured to fight recklessly!
You are too injured to fight recklessly!
You are too injured to fight recklessly!
You are too injured to fight recklessly!
You are too injured to fight recklessly!
You are too injured to fight recklessly!
You are too injured to fight recklessly!
You are too injured to fight recklessly!
You hit Terence but do no damage. You punch Terence, but do no damage.
Terence is lightly wounded.
Terence hits you with a +0 hand axe.
You hit Terence but do no damage.
Terence is lightly wounded.
The kobold closely misses you. Terence hits you with a +0 hand axe.
* * * LOW HITPOINT WARNING * * *
You hit Terence but do no damage.
Terence is lightly wounded.
You fade into invisibility!
The kobold closely misses you. Terence hits you with a +0 hand axe.
* * * LOW HITPOINT WARNING * * *
You hit Terence. Your bite misses Terence.
Terence is moderately wounded.
The kobold hits you with a +0 dagger.
* * * LOW HITPOINT WARNING * * *
Terence hits you with a +0 hand axe.
You die...

.###########......#
..†....## #......#
........####..#####
#..###>...)..######
#...###.####......#
..#......)...####.###
....................#
.#.###(†.....###....#
....##.......##.@..##
.....#.......#.K@###
##.∩.....####.....
.....##### #.#...#
###### #.#...# ..# #
....# ..# ....# <.#
** .....# #.#* **


You could see Terence and a kobold.

Vanquished Creatures
  An adder (D:2)
  A dart slug (D:1)
  4 bats (D:1)
  3 endoplasms (D:1)
  4 giant cockroaches (D:1)
  A hobgoblin (D:2)
  3 kobolds (D:1)
  3 quokkas
  7 ball pythons
  2 frilled lizards
  3 goblins
  8 rats
40 creatures vanquished.

Vanquished Creatures (others)
  A plant (D:2)
1 creature vanquished.

Grand Total: 41 creatures vanquished

Notes
Turn   | Place    | Note
-------+----------+-------------------------------------------
     0 | D:1      | ytrimaz the Gnoll Wanderer began the quest for the Orb.
     0 | D:1      | ytrimaz set off with the following items: a +2 dagger, a
                  | potion of invisibility, a +0 short sword, a potion of
                  | mutation, a +0 leather armour
     0 | D:1      | Reached XP level 1. HP: 13/13 MP: 6/6
     1 | D:1      | Gained mutation: You are partially covered in iridescent
                  | scales. (AC +2) [potion of mutation]
     1 | D:1      | Gained mutation: You passively map a small area around you.
                  | [potion of mutation]
   231 | D:1      | Reached XP level 2. HP: 19/19 MP: 7/7
   482 | D:1      | Reached XP level 3. HP: 23/25 MP: 9/9
   518 | D:1      | Reached skill level 5 in Spellcasting
   790 | D:2      | Reached skill level 1 in Invocations
   853 | D:2      | Found Xomuakaf's Magic Scroll Boutique.
   878 | D:2      | Reached skill level 1 in Fighting
   878 | D:2      | Reached skill level 1 in Long Blades
   878 | D:2      | Reached skill level 1 in Axes
   878 | D:2      | Reached skill level 1 in Maces & Flails
   878 | D:2      | Reached skill level 1 in Polearms
   878 | D:2      | Reached skill level 1 in Staves
   878 | D:2      | Reached skill level 1 in Slings
   878 | D:2      | Reached skill level 1 in Bows
   878 | D:2      | Reached skill level 1 in Crossbows
   878 | D:2      | Reached skill level 1 in Throwing
   878 | D:2      | Reached skill level 1 in Armour
   878 | D:2      | Reached skill level 1 in Dodging
   878 | D:2      | Reached skill level 1 in Shields
   878 | D:2      | Reached skill level 1 in Unarmed Combat
   912 | D:2      | Noticed Terence
   927 | D:2      | Slain by Terence

Illustrated notes

Levels and vault maps discovered:
D:1:      dpeg_arrival_round_b, layout_rooms
D:2:      layout_rooms, serial_shops, nicolae_lakefront_shop, shop_scrolls,
          guppyfry_early_lair_pool, uniq_terence

Skill      XL: |  1  2  3 |
---------------+----------+-----
Spellcasting   | 5 |  5.0
Invocations    | 1 |  1.0
Fighting       | 1 |  1.0
Long Blades    | 1 |  1.0
Axes           | 1 |  1.0
Maces & Flails | 1 |  1.0
Polearms       | 1 |  1.0
Staves         | 1 |  1.0
Slings         | 1 |  1.0
Bows           | 1 |  1.0
Crossbows      | 1 |  1.0
Throwing       | 1 |  1.0
Armour         | 1 |  1.0
Dodging        | 1 |  1.0
Shields        | 1 |  1.0
Unarmed Combat | 1 |  1.0
Short Blades   | |  4.6
Stealth        | |  7.8
Conjurations   | |  0.7
Hexes          | |  0.7
Summonings     | |  0.7
Necromancy     | |  0.7
Translocations | |  0.7
Transmutations | |  0.7
Fire Magic     | |  0.7
Ice Magic      | |  0.7
Air Magic      | |  0.7
Earth Magic    | |  0.7
Poison Magic   | |  0.7
Evocations     | |  4.6

Action                   || total
-------------------------++-------
Melee: Dagger            ||   113
       Bite              ||     9
       Punch             ||     2
  Use: Potion            ||     2
       Scroll            ||     1
 Stab: Sleeping          ||    15
Armor: Leather armour    ||    40
Dodge: Dodged            ||    49

Table legend: (Time is in decaauts)
 A = Elapsed time spent in this place.
 B = Non-inter-level travel time spent in this place.
 C = Inter-level travel time spent in this place.
 D = Time resting spent in this place.
 E = Time spent auto-exploring this place.
 F = Levels seen in this place.
 G = Mean time per level.
                   A        B        C        D        E       F      G
               +--------+--------+--------+--------+--------+-----+--------+
         Total |    901 |    889 |     12 |    136 |    461 |   2 |  450.5 |
       Dungeon |    901 |    889 |     12 |    136 |    461 |   2 |  450.5 |
               +--------+--------+--------+--------+--------+-----+--------+

Top non-repeatable levels by time:
     D:1: 748 daAuts
     D:2: 152 daAuts
